 Dungeon Crawl Stone Soup version 0.28.0 (webtiles) character file.

Game seed: 6158542988259523393

4113 Morbidden the Digger (level 10, -8/84 (92) HPs)
             Began as a Troll Earth Elementalist on Feb 7, 2022.
             Was a Believer of Cheibriados.
             Mangled by a wraith (10 damage)
             ... on level 9 of the Dungeon.
             The game lasted 00:12:15 (7874 turns).

Morbidden the Digger (Troll Earth Elementalist)     Turns: 7874, Time: 00:12:15

HP:   -8/84 (92)    AC:  6    Str: 20 (22) XL:     10   Next: 6%
MP:   14/14         EV: 12    Int: 17 (19) God:    Cheibriados [**....]
Gold: 597           SH:  5    Dex: 20      Spells: 12/16 levels left

rFire   + . .      SeeInvis .     - Unarmed
rCold   + . .      Faith    .   (no shield)
rNeg    + . .      Spirit   .   b - +0 robe
rPois   +          Reflect  +   (helmet restricted)
rElec   +          Harm     .   p - +1 cloak
rCorr   +          Rampage  .   (gloves unavailable)
Will    .....                   (boots unavailable)
Stlth   ++........              t - amulet of reflection
HPRegen 1.04/turn               n - ring of positive energy
MPRegen 0.14/turn               C - +6 ring of dexterity

@: brilliant, lethally poisoned (-8 -> -8), resistant, slowed, drained, very
slow
A: large, unfitting armour, claws 3, regeneration 1, shaggy fur 1, tough skin 1
a: Renounce Religion, Bend Time


You were on level 9 of the Dungeon.
You worshipped Cheibriados.
Cheibriados was pleased with you.
You visited 2 branches of the dungeon, and saw 10 of its levels.

You collected 597 gold pieces.

Inventory:

Missiles
 c - 252 stones
 e - 5 atropa-tipped darts
Armour
 b - a +0 robe (worn)
 p - a +1 cloak (worn)
Jewellery
 n - a ring of positive energy (left claw)
 t - an amulet of reflection (around neck)
 C - a +6 ring of dexterity (right claw)
 F - a ring of resist corrosion
Wands
 f - a wand of polymorph (13)
 j - a wand of paralysis (18)
 r - a wand of charming (9)
 v - a wand of mindburst (14)
 x - a wand of acid (2)
 B - a wand of iceblast (9)
 D - a wand of digging (5)
Scrolls
 d - 10 scrolls of identify
 g - a scroll of magic mapping {unknown}
 k - 2 scrolls of immolation
 l - a scroll of holy word {unknown}
 o - a scroll of noise {unknown}
 q - a scroll of enchant armour
 s - a scroll of brand weapon {unknown}
 u - a scroll of torment {unknown}
 y - 2 scrolls of amnesia {unknown}
 E - 2 scrolls of blinking {unknown}
Potions
 a - a potion of degeneration
 i - 3 potions of magic
 m - 2 potions of curing
 A - a potion of berserk rage {unknown}


   Skills:
 * Level 3.9 Fighting
 * Level 4.4 Dodging
 + Level 1.8 Stealth
 + Level 0.6 Shields
 + Level 5.6 Unarmed Combat
 * Level 3.8 Spellcasting
 * Level 2.0 Conjurations
 * Level 4.0 Transmutations
 * Level 6.3 Earth Magic
 * Level 2.4 Invocations


You had 12 spell levels left.
You knew the following spells:

 Your Spells              Type           Power      Damage    Failure   Level
a - Sandblast             Erth           74%        2d16      1%          1
b - Stone Arrow           Conj/Erth      52%        3d10      9%          3

Your spell library contained the following spells:

 Spells                   Type           Power      Damage    Failure   Level
 Passwall                 Tmut/Erth      25%        N/A       3%          2
 Petrify                  Tmut/Erth      31%        N/A       19%         4
 Ignite Poison            Fire/Tmut/Pois 11%        N/A       28%         3
 Conjure Flame            Conj/Fire      10%        6-21      30%         3
 Sticky Flame             Conj/Fire      10%        2d3       71%         4
 Airstrike                Air            2%         N/A       85%         4
 Summon Lightning Spire   Summ/Air       4%         N/A       85%         4
 Lightning Bolt           Conj/Air       5%         1d17      96%         5


Dungeon Overview and Level Annotations

Branches:
Dungeon (9/15)             Temple (1/1) D:7
   Lair: D:8-11         Orc: D:9-12

Altars:
Cheibriados
Qazlal
Trog
Uskayaw
Wu Jian
Xom
Yredelemnul

Shops:
D:7 [

Annotations:
D:6 3 runed translucent doors, 1 exclusion, Doggr's ghost, novice HuBe


Innate Abilities, Weirdness & Mutations

You are too large for most types of armour.
You have claws for hands.
Your natural rate of healing is unusually fast.
You are covered in fur. (AC +1)
You have tough skin. (AC +1)


Message History

Press: ? - help, Shift-Dir - straight line, f/p - centaur
Aim: a centaur, wielding a +0 shortbow and quivering arrows (81% to hit)
The stone arrow hits the centaur.
The centaur is moderately wounded.
You feel sick.
The centaur unwields a +0 shortbow.
The centaur completely misses you.
The centaur kicks you but does no damage.
The centaur closely misses you. x2
Unknown command.
Unknown command.
It was a potion of magic.
Magic courses through your body.
You feel sick.
The centaur hits you but does no damage.
The centaur kicks you but does no damage.
The centaur hits you.
* * * LOW HITPOINT WARNING * * *
The centaur barely misses you.
Unknown command.
It was a potion of brilliance.
You feel clever all of a sudden.
You feel sick.
The centaur hits you but does no damage.
The centaur kicks you but does no damage.
The wraith hits you.
* * * LOW HITPOINT WARNING * * *
The wraith drains your vigour!
You feel as though you will be slow longer.
The centaur barely misses you.
The centaur kicks you but does no damage.
The wraith barely misses you.
It was a potion of resistance.
You feel protected.
The sentinel's mark upon you fades away.
You feel sick.
The centaur hits you but does no damage.
The centaur kicks you but does no damage.
The centaur hits you but does no damage.
The centaur kicks you.
* * * LOW HITPOINT WARNING * * *
The wraith hits you!
You die...

.....#.............)..........
.....#............#############
.....#..........).'..#.)#..#..#
.....#....#######.#..#.)#..#..#
.....#....#.......###.##.##.###
.....#....#........#.#..#..#..#
.....#....#........###..#..#..#
.....#....#....))W..#######.###
######....#....)@cK...####.#..#
..........#....###T......###..#
.....###########...).......##.#
............................###
.............................
....................#........
######..............#........
....................#.K......
....)...............#.........


You could see a troll, a wraith, a kobold brigand and a centaur.

Vanquished Creatures
  Pikel (D:3)
  Maurice (D:9)
  Grinder (D:5)
  A yak (D:9)
  Menkaure (D:4)
  A water moccasin (D:6)
  4 orc warriors
  2 ice beasts
  2 sky beasts
  An ogre (D:4)
  A hornet zombie (D:5)
  A centaur (D:8)
  A bullfrog (D:6)
  3 scorpions
  A wyvern zombie (D:6)
  2 wyvern skeletons
  A water moccasin skeleton (D:5)
  A killer bee (D:9)
  5 wights (D:9)
  5 howler monkeys
  A bullfrog zombie (D:7)
  4 centaur zombies
  A bullfrog skeleton (D:5)
  A gnoll shaman (D:6)
  2 orc priests
  2 centaur skeletons (D:6)
  A hound (D:6)
  An iguana (D:6)
  6 orc wizards
  A hound skeleton (D:5)
  A howler monkey zombie (D:9)
  8 gnolls
  9 adders
  A shadow imp (D:7)
  A white imp (D:6)
  2 ufetubi
  2 worms
  2 dart slugs
  28 orcs
  4 bats
  5 endoplasms
  3 giant cockroaches
  7 goblins
  7 hobgoblins
  5 jackals
  14 kobolds
  4 quokkas
  7 ball pythons
  4 frilled lizards (D:1)
  A quokka skeleton (D:4)
  A rat (D:1)
172 creatures vanquished.

Notes
Turn   | Place    | Note
-------+----------+-------------------------------------------
     0 | D:1      | Morbidden the Troll Earth Elementalist began the quest for
                  | the Orb.
     0 | D:1      | Reached XP level 1. HP: 16/16 MP: 1/1
    51 | D:1      | Reached skill level 3 in Earth Magic
    93 | D:1      | Found a faded altar of an unknown god.
   111 | D:1      | Reached XP level 2. HP: 24/24 MP: 2/2
   115 | D:1      | Noticed a great orb of eyes
   120 | D:1      | Noticed a floating eye
   120 | D:1      | Noticed a floating eye
   120 | D:1      | Noticed a great orb of eyes
   380 | D:1      | Reached XP level 3. HP: 23/32 MP: 3/3
   813 | D:2      | Reached skill level 1 in Transmutations
  1076 | D:2      | Reached skill level 1 in Unarmed Combat
  1308 | D:2      | Reached XP level 4. HP: 37/40 MP: 5/5
  1906 | D:3      | Reached XP level 5. HP: 36/46 MP: 6/6
  2171 | D:4      | Noticed Pikel
  2172 | D:4      | Noticed a lemure
  2172 | D:4      | Noticed a lemure
  2174 | D:4      | Noticed a lemure
  2174 | D:4      | Noticed a lemure
  2188 | D:4      | Noticed an ogre
  2261 | D:3      | Killed Pikel
  2262 | D:3      | Reached skill level 1 in Fighting
  2262 | D:3      | Reached skill level 4 in Earth Magic
  2262 | D:3      | Reached XP level 6. HP: 21/57 MP: 6/8
  2262 | D:3      | Reached XP level 7. HP: 24/63 MP: 6/9
  2675 | D:4      | Noticed Menkaure
  2683 | D:4      | Killed Menkaure
  2840 | D:4      | Learned a level 3 spell: Stone Arrow
  3170 | D:5      | Entered Level 5 of the Dungeon
  3535 | D:5      | Reached XP level 8. HP: 72/72 MP: 10/10
  3611 | D:5      | Noticed Grinder
  3618 | D:5      | Paralysed by Grinder for 5 turns
  3629 | D:5      | Killed Grinder
  3845 | D:5      | Found a shimmering altar of Xom.
  4579 | D:6      | Reached skill level 5 in Earth Magic
  5133 | D:6      | Reached XP level 9. HP: 65/81 MP: 7/12
  5136 | D:6      | Reached skill level 5 in Unarmed Combat
  5416 | D:6      | Noticed a two-headed ogre
  5488 | D:6      | Found a runed translucent gate.
  5490 | D:6      | Found a runed translucent gate.
  5490 | D:6      | Found a runed translucent gate.
  5491 | D:6      | Noticed Doggr's ghost (novice HuBe)
  5584 | D:7      | Found Enodah's Antique Armour Emporium.
  5734 | D:7      | Reached skill level 1 in Conjurations
  6076 | D:7      | Identified the +5 short sword "Xenum" {drain, Dex+4}
  6144 | D:7      | Found a staircase to the Ecumenical Temple.
  6153 | Temple   | Entered the Ecumenical Temple
  6165 | Temple   | Became a worshipper of Cheibriados the Contemplative
  6653 | D:8      | Reached skill level 6 in Earth Magic
  6920 | D:8      | Reached skill level 1 in Invocations
  6943 | D:8      | Reached * piety under Cheibriados
  7114 | D:8      | You fall into a shaft and drop 1 floor!
  7497 | D:9      | Noticed Maurice
  7497 | D:9      | Paralysed by Maurice for 6 turns
  7510 | D:9      | Killed Maurice
  7535 | D:9      | Reached XP level 10. HP: 63/92 MP: 14/14
  7555 | D:9      | HP: 3/84 [wight (10)]
  7562 | D:9      | Reached ** piety under Cheibriados
  7870 | D:9      | HP: 4/84 [centaur/arrow (6)]
  7874 | D:9      | Mangled by a wraith

Illustrated notes

Levels and vault maps discovered:
D:1:      minmay_arrival_loop, layout_rooms,
          hellmonk_ecumenical_altar_watching_god, st_stairs_10, minivault_19,
          chequers_serial_rivers_micro_c, minmay_heptomino_l4
D:2:      layout_basic
D:3:      layout_loops_cross
D:4:      layout_basic, uniq_menkaure, uniq_pikel
D:5:      layout_basic, mainiacjoe_overflow_alcove_4, minmay_misc_feat_rows,
          uniq_grinder
D:6:      cheibrodos_two_vegetables, layout_basic, gammafunk_ghost_necromancy
D:7:      layout_gridville, lemuel_temple_firewalk_a, serial_shops,
          shop_fountains, hellmonk_bongcloud_opening
D:8:      layout_cave_pools
D:9:      minmay_s_stair_smasher, layout_grid_maze, david_orc_5, uniq_maurice
Temple:   compressed_dpeg_circular_temple

Skill      XL: |  1  2  3  4  5  6  7  8  9 10 |
---------------+-------------------------------+-----
Earth Magic    | 3 4 5 6 |  6.3
Dodging        | 2 3 4 |  4.4
Transmutations | 1 2 3 4 |  4.0
Unarmed Combat | 1 3 4 5 |  5.6
Fighting       | 1 2 3 |  3.9
Spellcasting   | 2 3 |  3.8
Conjurations   | 2 |  2.0
Invocations    | 2 |  2.4
Stealth        | |  1.8
Shields        | |  0.6

Action                   |  1- 3 |  4- 6 |  7- 9 | 10-12 || total
-------------------------+-------+-------+-------+-------++-------
Melee: Unarmed           |   135 |    90 |   291 |    40 ||   556
       Punch             |     3 |     2 |     8 |       ||    13
 Cast: Sandblast         |     1 |     4 |    83 |     1 ||    89
       Stone Arrow       |       |       |    19 |     1 ||    20
Evoke: Wand              |       |       |     1 |     1 ||     2
  Use: Potion            |       |     1 |     1 |     8 ||    10
       Scroll            |       |       |     4 |     1 ||     5
 Stab: Sleeping          |     2 |       |     1 |       ||     3
       Paralysed         |       |       |     6 |       ||     6
Armor: Robe              |    45 |    20 |    87 |    36 ||   188
Dodge: Dodged            |    94 |    42 |   169 |    65 ||   370
Block: Other             |       |       |    45 |    15 ||    60
       Reflection        |       |       |     2 |       ||     2
